Patriotes vs Tamiflu
Created - 18 décembre 2015 at 06:22
Goals
|
| Patriotes |
1 |
1 |
2 |
4 |
| Tamiflu |
2 |
1 |
2 |
5 |
|
Shots
|
| Patriotes |
10 |
22 |
9 |
41 |
| Tamiflu |
7 |
19 |
21 |
47 |
|
1st period
1. Patriotes , Dwight King 8 (Brett Skinner, Lauri Tukonen) at 2:18
2. Tamiflu , Casey Wellman 3 (Mike Duco) at 6:13
3. Tamiflu , Jan Mursak 8 (Mike Duco, Jonathan Sigalet) at 19:50
Penalties :
Andreas Nodl (Nyc) for Tripping (Minor) at 3:03, Tye McGinn (Det) for Holding Stick (Minor) at 6:35, Mike Duco (Det) for Tripping (Minor) at 10:36, Justin Braun (Det) for Roughing (Minor) at 14:27
2nd period
4. Tamiflu , Greg Mauldin 17 (Jonathan Sigalet, Nathan Oystrick) at 3:07 (PP)
5. Patriotes , Andrew Gordon 15 (Fedor Fedorov, Zenon Konopka) at 15:58
Penalties :
Brett Skinner (Nyc) for High sticking (Minor) at 1:55, A.J Thelen (Nyc) for Holding (Minor) at 5:48
3rd period
6. Tamiflu , Petr Pohl 23 (Greg Mauldin) at 9:10 (PP)
7. Patriotes , Matt Calvert 6 (Ryan White, Joe Charlebois) at 12:35
8. Tamiflu , Petr Pohl 24 (Jonathan Sigalet, Greg Mauldin) at 12:45
9. Patriotes , Fedor Fedorov 7 (Andrew Gordon, Zenon Konopka) at 16:31
Penalties :
Tomas Kurka (Nyc) for Holding (Minor) at 0:10, Tye McGinn (Det) for Holding (Minor) at 3:31, Ryan Wilson (Nyc) for Holding (Minor) at 4:25, Ryan Wilson (Nyc) for Hooking (Minor) at 7:22, A.J Thelen (Nyc) for Holding (Minor) at 10:03, Zack Stortini (Nyc) for Roughing (Minor) at 17:02
Goalie Stats
Jason Missiaen (Nyc), 42 saves from 47 shots - (0,894), L, 1-2-0, 59:11 minutes
Mike McKenna (Det), 37 saves from 41 shots - (0,902), W, 9-10-2, 60:00 minutes
Players Stats for Patriotes
Player Name G A P +/- PIM S H SB GA TA FO MP PP MP PK MP
------------------------------------------------------------------------------------
A.J Thelen 0 0 0 -1 4 0 0 4 0 3 0/0 27:01 4:22 6:31
Andreas Nodl 0 0 0 -1 2 5 0 0 1 1 7/14 24:03 3:15 6:41
Andrew Gordon 1 1 2 2 0 4 1 0 1 0 0/0 17:09 3:32 3:43
Anthony Bitetto 0 0 0 1 0 0 0 0 0 1 0/0 6:13 0:00 2:06
Brett Skinner 0 1 1 0 2 2 1 2 0 1 0/0 21:32 4:22 5:09
Christian Hanson 0 0 0 -1 0 1 1 0 0 1 21/37 17:48 3:15 1:09
Dale Weise 0 0 0 0 0 0 0 0 0 0 0/0 0:00 0:00 0:00
Dwight King 1 0 1 1 0 7 0 0 0 1 0/0 10:34 0:04 0:00
Fedor Fedorov 1 1 2 2 0 4 2 0 0 0 0/2 17:37 3:32 4:11
Joakim Andersson 0 0 0 0 0 0 0 0 0 0 0/0 0:00 0:00 0:00
Joe Charlebois 0 1 1 1 0 0 1 1 0 1 0/0 19:58 2:29 4:54
Jordan Samuels-Thomas 0 0 0 0 0 0 0 0 0 0 0/0 1:50 0:00 1:40
Lauri Tukonen 0 1 1 1 0 1 0 0 1 0 0/1 10:09 0:04 0:00
Matt Calvert 1 0 1 -1 0 2 0 0 1 0 1/3 8:16 0:00 3:04
Melker Karlsson 0 0 0 0 0 0 0 0 0 0 0/0 0:00 0:00 0:00
Nigel Williams 0 0 0 1 0 1 2 0 0 0 0/0 12:57 0:00 5:30
Riley Sheahan 0 0 0 1 0 0 0 0 0 0 3/6 10:04 0:00 0:20
Ryan Spooner 0 0 0 0 0 0 0 0 0 0 0/0 0:00 0:00 0:00
Ryan White 0 1 1 -1 0 1 0 1 0 0 2/5 4:25 0:00 0:00
Ryan Wilson 0 0 0 0 4 4 4 2 0 2 0/0 17:16 2:28 3:28
Stephen Johns 0 0 0 1 0 0 0 0 0 0 0/0 4:07 0:00 0:00
Timothy Kunes 0 0 0 -1 0 2 2 0 0 1 0/0 11:12 0:00 0:00
Tomas Kurka 0 0 0 -1 2 4 4 2 2 0 0/0 24:25 3:15 6:50
Zack Stortini 0 0 0 -1 2 0 0 0 0 0 0/0 5:22 0:04 0:00
Zenon Konopka 0 2 2 2 0 3 1 0 0 0 5/12 13:00 3:32 0:00
Players Stats for Tamiflu
Player Name G A P +/- PIM S H SB GA TA FO MP PP MP PK MP
------------------------------------------------------------------------------------
Ben Hanowski 0 0 0 -1 0 3 0 0 1 1 0/3 9:46 0:14 0:00
Casey Wellman 1 0 1 2 0 3 1 1 1 0 7/11 17:03 5:51 0:00
Colin Greening 0 0 0 -1 0 4 1 0 0 1 6/7 8:31 0:00 0:45
Garrett Wilson 0 0 0 -2 0 0 0 0 0 0 0/0 5:34 0:00 0:57
Greg Mauldin 1 2 3 0 0 3 2 0 1 0 23/48 25:28 7:44 3:45
Jan Mursak 1 0 1 2 0 6 1 2 0 0 2/2 17:03 5:51 0:00
Jerome Gauthier-Leduc 0 0 0 -1 0 0 1 0 0 0 0/0 9:05 0:00 1:14
Jonathan Sigalet 0 3 3 1 0 2 2 3 3 1 0/0 31:50 8:56 4:09
Jordan Hendry 0 0 0 -1 0 0 0 1 3 0 0/0 20:19 4:53 2:42
Justin Braun 0 0 0 -1 2 5 1 0 0 1 0/0 19:10 4:53 1:28
Mattias Tedenby 0 0 0 -2 0 2 0 0 0 0 0/0 6:18 0:14 0:00
Mike Duco 0 2 2 2 2 4 2 0 0 1 0/1 18:47 5:51 1:20
Nathan Oystrick 0 1 1 1 0 4 1 2 1 0 0/0 31:50 8:56 4:09
Nino Niederreiter 0 0 0 0 0 0 0 0 0 0 0/0 0:27 0:02 0:00
Petr Pohl 2 0 2 0 0 10 4 0 2 0 0/2 25:28 7:44 3:45
Philippe Dupuis 0 0 0 -2 0 0 1 0 0 0 1/3 4:37 0:00 0:00
Rich Clune 0 0 0 -1 0 1 2 1 0 0 1/1 10:30 0:00 1:51
Stefan Elliott 0 0 0 -1 0 0 0 0 0 0 0/0 7:51 0:00 0:00
Tye McGinn 0 0 0 0 4 0 1 1 0 1 1/2 22:23 7:56 1:19
3 Stars
1 - Petr Pohl (Det)
2 - Greg Mauldin (Det)
3 - Fedor Fedorov (Nyc)
Power Play
Patriotes - 0 on 4 Attempt(s) - 0,00%
Tamiflu - 2 on 8 Attempt(s) - 25,00%
Penalty Kill
Patriotes - 6 on 8 Attempt(s) - 75,00%
- Score 0 goal in Penalty Kill
Tamiflu - 4 on 4 Attempt(s) - 100,00%
- Score 0 goal in Penalty Kill
Team Stat
Patriotes - Hits : 19 - Faceoff Wins : 39 - Blocked Shots : 12 - Penalty Minutes : 16
Tamiflu - Hits : 20 - Faceoff Wins : 41 - Blocked Shots : 11 - Penalty Minutes : 8
Official
Referees : Joannette Marc and Banfield David
Linesman : Pierre Racicot and Darren Gibbs
Game Notes
Brett Skinner is injured at 8:54 of 3rd period (Sprained Right Finger)
Finance
Level 1 -- Attendance: 1525 (76,25%) -- Ticket Income 45 750 $
Level 2 -- Attendance: 688 (68,80%) -- Ticket Income 8 256 $
Total Attendance: 2213 (73,77%)
Total Ticket Income: 54 006 $
Other Income: 2 700 $
Total Income: 56 706 $
Patriotes
5 vs 5 Forward
Center Left Wing Right Wing Time % Phy DF OF
1 Christian Hanson Tomas Kurka Andreas Nodl 40 1 2 2
2 Zenon Konopka Fedor Fedorov Andrew Gordon 30 1 2 2
3 Riley Sheahan Dwight King Lauri Tukonen 20 1 2 2
4 Ryan White Matt Calvert Zack Stortini 10 1 2 2
5 vs 5 Defense
Defense Defense Time % Phy DF OF
1 Brett Skinner A.J Thelen 40 1 2 2
2 Ryan Wilson Joe Charlebois 30 1 2 2
3 Timothy Kunes Nigel Williams 20 1 2 2
4 Anthony Bitetto Stephen Johns 10 1 2 2
PowerPlay Forward
Center Left Wing Right Wing Time % Phy DF OF
1 Christian Hanson Tomas Kurka Andreas Nodl 60 1 2 2
2 Zenon Konopka Fedor Fedorov Andrew Gordon 40 1 2 2
PowerPlay Defense
Defense Defense Time % Phy DF OF
1 Brett Skinner A.J Thelen 60 1 2 2
2 Ryan Wilson Joe Charlebois 40 1 2 2
Penalty Kill 4 Players Forward
Center Wing Time % Phy DF OF
1 Andreas Nodl Tomas Kurka 60 1 2 2
2 Fedor Fedorov Andrew Gordon 40 1 2 2
Penalty Kill 4 Players Defense
Defense Defense Time % Phy DF OF
1 Brett Skinner A.J Thelen 60 1 2 2
2 Ryan Wilson Joe Charlebois 40 1 2 2
Penalty Kill - 3 Players Forward
Forward Time % Phy DF OF
1 Andreas Nodl 60 1 2 2
2 Tomas Kurka 40 1 2 2
Penalty Kill - 3 Players Defense
Defense Defense Time % Phy DF OF
1 Brett Skinner A.J Thelen 60 1 2 2
2 Ryan Wilson Joe Charlebois 40 1 2 2
4 vs 4 Forward
Center Wing Time % Phy DF OF
1 Andreas Nodl Tomas Kurka 60 1 2 2
2 Fedor Fedorov Andrew Gordon 40 1 2 2
4 vs 4 Defense
Defense Defense Time % Phy DF OF
1 Brett Skinner A.J Thelen 60 1 2 2
2 Ryan Wilson Joe Charlebois 40 1 2 2
Last Minutes Offensive
Center Left Wing Right Wing Defense Defense
Christian Hanson Tomas Kurka Andreas Nodl Brett Skinner A.J Thelen
Last Minutes Defensive
Center Left Wing Right Wing Defense Defense
Christian Hanson Tomas Kurka Andreas Nodl Brett Skinner A.J Thelen
Goaltenders
Starting : Jason Missiaen
Backup : Marek Schwarz
Extra Forwards
Normal : Dwight King, Lauri Tukonen, Matt Calvert - PP : Dwight King, Lauri Tukonen - PK : Matt Calvert
Extra Defensemen
Normal : Timothy Kunes, Nigel Williams, Anthony Bitetto - PP : Timothy Kunes - PK : Nigel Williams, Anthony Bitetto
Penalty Shots
Andreas Nodl, Tomas Kurka, Fedor Fedorov, Andrew Gordon, Christian Hanson
Tamiflu
5 vs 5 Forward
Center Left Wing Right Wing Time % Phy DF OF
1 Greg Mauldin Tye McGinn Petr Pohl 40 1 2 2
2 Casey Wellman Jan Mursak Mike Duco 30 1 2 2
3 Colin Greening Rich Clune Ben Hanowski 20 1 2 2
4 Philippe Dupuis Garrett Wilson Mattias Tedenby 10 1 2 2
5 vs 5 Defense
Defense Defense Time % Phy DF OF
1 Jonathan Sigalet Nathan Oystrick 40 1 2 2
2 Jordan Hendry Justin Braun 30 1 2 2
3 Stefan Elliott Jerome Gauthier-Leduc 20 1 2 2
4 Jonathan Sigalet Nathan Oystrick 10 1 2 2
PowerPlay Forward
Center Left Wing Right Wing Time % Phy DF OF
1 Greg Mauldin Tye McGinn Petr Pohl 60 1 2 2
2 Casey Wellman Jan Mursak Mike Duco 40 1 2 2
PowerPlay Defense
Defense Defense Time % Phy DF OF
1 Jonathan Sigalet Nathan Oystrick 60 1 2 2
2 Jordan Hendry Justin Braun 40 1 2 2
Penalty Kill 4 Players Forward
Center Wing Time % Phy DF OF
1 Greg Mauldin Petr Pohl 60 1 2 2
2 Mike Duco Tye McGinn 40 1 2 2
Penalty Kill 4 Players Defense
Defense Defense Time % Phy DF OF
1 Jonathan Sigalet Nathan Oystrick 60 1 2 2
2 Jordan Hendry Justin Braun 40 1 2 2
Penalty Kill - 3 Players Forward
Forward Time % Phy DF OF
1 Greg Mauldin 60 1 2 2
2 Petr Pohl 40 1 2 2
Penalty Kill - 3 Players Defense
Defense Defense Time % Phy DF OF
1 Jonathan Sigalet Nathan Oystrick 60 1 2 2
2 Jordan Hendry Justin Braun 40 1 2 2
4 vs 4 Forward
Center Wing Time % Phy DF OF
1 Greg Mauldin Petr Pohl 60 1 2 2
2 Mike Duco Tye McGinn 40 1 2 2
4 vs 4 Defense
Defense Defense Time % Phy DF OF
1 Jonathan Sigalet Nathan Oystrick 60 1 2 2
2 Jordan Hendry Justin Braun 40 1 2 2
Last Minutes Offensive
Center Left Wing Right Wing Defense Defense
Greg Mauldin Tye McGinn Petr Pohl Jonathan Sigalet Nathan Oystrick
Last Minutes Defensive
Center Left Wing Right Wing Defense Defense
Greg Mauldin Tye McGinn Petr Pohl Jonathan Sigalet Nathan Oystrick
Goaltenders
Starting : Mike McKenna
Backup : Thomas Greiss
Extra Forwards
Normal : Ben Hanowski, Mattias Tedenby, Rich Clune - PP : Ben Hanowski, Mattias Tedenby - PK : Rich Clune
Extra Defensemen
Normal : Jonathan Sigalet, Jerome Gauthier-Leduc, Jordan Hendry - PP : Jonathan Sigalet - PK : Jerome Gauthier-Leduc, Jordan Hendry
Penalty Shots
Greg Mauldin, Petr Pohl, Mike Duco, Tye McGinn, Ben Hanowski
% Time on Ice - Patriotes
Lines # - Real PCT - Wanted PCT - Time Play
Normal Forward
1 - 37% - 40% - 14:07
2 - 25% - 30% - 9:37
3 - 26% - 20% - 9:44
4 - 12% - 10% - 4:25
Normal Defense
1 - 41% - 40% - 15:43
2 - 30% - 30% - 11:26
3 - 17% - 20% - 6:37
4 - 11% - 10% - 4:07
PP Forward
1 - 48% - 60% - 3:19
2 - 52% - 40% - 3:32
PP Defense
1 - 64% - 60% - 4:22
2 - 36% - 40% - 2:29
PK Forward
1 - 73% - 60% - 10:06
2 - 27% - 40% - 3:43
PK Defense
1 - 69% - 60% - 9:35
2 - 31% - 40% - 4:14
PK3 Forward
1 - 0% - 60%
2 - 0% - 40%
PK3 Defense
1 - 0% - 60%
2 - 0% - 40%
44 Forward
1 - 74% - 60% - 0:48
2 - 26% - 40% - 0:17
44 Defense
1 - 45% - 60% - 0:29
2 - 55% - 40% - 0:36
Last Minute Offensive - 0:22
Last Minute Defensive - 0:00
Total
Forward - 60:00
Defense - 60:00
|
% Time on Ice - Tamiflu
Lines # - Real PCT - Wanted PCT - Time Play
Normal Forward
1 - 36% - 40% - 13:22
2 - 31% - 30% - 11:37
3 - 21% - 20% - 7:46
4 - 12% - 10% - 4:37
Normal Defense
1 - 44% - 40% - 16:36
2 - 33% - 30% - 12:13
3 - 21% - 20% - 7:51
4 - 2% - 10% - 0:42
PP Forward
1 - 57% - 60% - 7:56
2 - 43% - 40% - 5:53
PP Defense
1 - 65% - 60% - 8:56
2 - 35% - 40% - 4:53
PK Forward
1 - 69% - 60% - 4:42
2 - 31% - 40% - 2:09
PK Defense
1 - 61% - 60% - 4:09
2 - 39% - 40% - 2:42
PK3 Forward
1 - 0% - 60%
2 - 0% - 40%
PK3 Defense
1 - 0% - 60%
2 - 0% - 40%
44 Forward
1 - 71% - 60% - 0:46
2 - 29% - 40% - 0:19
44 Defense
1 - 52% - 60% - 0:34
2 - 48% - 40% - 0:31
Last Minute Offensive - 0:00
Last Minute Defensive - 0:53
Total
Forward - 60:00
Defense - 60:00
|
Play by Play
1st period
0:01 of 1st period - Christian Hanson wins face-off versus Greg Mauldin in neutral zone.
0:25 of 1st period - Brett Skinner is hit by Casey Wellman and loses puck.
0:36 of 1st period - Jonathan Sigalet is hit by Zenon Konopka and loses puck.
2:00 of 1st period - Snap shot by Fedor Fedorov.
2:00 of 1st period - Stopped by Mike McKenna with a rebound.
2:16 of 1st period - Snap shot by Dwight King.
2:16 of 1st period - Stopped by Mike McKenna with a rebound.
2:18 of 1st period - Wrist shot by Dwight King.
2:18 of 1st period - Goal by Dwight King - Patriotes : 1 - Tamiflu : 0.
2:19 of 1st period - Christian Hanson wins face-off versus Tye McGinn in neutral zone.
3:03 of 1st period - Minor Penalty to Andreas Nodl for Tripping.
3:04 of 1st period - Greg Mauldin wins face-off versus Matt Calvert in Patriotes zone.
3:17 of 1st period - Off-side.
3:18 of 1st period - Greg Mauldin wins face-off versus Matt Calvert in neutral zone.
3:21 of 1st period - Wrist shot by Petr Pohl.
3:21 of 1st period - Shot Misses the Net.
3:23 of 1st period - Wrist shot by Tye McGinn.
3:23 of 1st period - Shot Blocked by Tomas Kurka.
3:25 of 1st period - Slapshot by Jonathan Sigalet.
3:25 of 1st period - Shot Blocked by A.J Thelen.
3:29 of 1st period - Wrist shot by Petr Pohl.
3:29 of 1st period - Deflect By Brett Skinner.
3:29 of 1st period - Shot Blocked by Brett Skinner.
3:29 of 1st period - Puck is out of play.
3:30 of 1st period - Matt Calvert wins face-off versus Petr Pohl in Patriotes zone.
3:30 of 1st period - Matt Calvert is hit by Petr Pohl.
4:37 of 1st period - Wrist shot by Andrew Gordon.
4:37 of 1st period - Shot Misses the Net.
5:03 of 1st period - Penalty to Andreas Nodl is over, Andreas Nodl is back on ice.
5:15 of 1st period - Backhand shot by Dwight King.
5:15 of 1st period - Stopped by Mike McKenna with a rebound.
5:17 of 1st period - Slapshot by Timothy Kunes.
5:17 of 1st period - Stopped by Mike McKenna with a rebound.
5:19 of 1st period - Snap shot by Lauri Tukonen.
5:19 of 1st period - Deflect By Dwight King.
5:19 of 1st period - Stopped by Mike McKenna with a rebound.
5:21 of 1st period - Slapshot by Timothy Kunes.
5:21 of 1st period - Deflect By Dwight King.
5:21 of 1st period - Deflect By Nathan Oystrick.
5:21 of 1st period - Shot Misses the Net.
5:21 of 1st period - Puck is out of play.
5:22 of 1st period - Colin Greening wins face-off versus Zenon Konopka in Tamiflu zone.
5:22 of 1st period - Colin Greening is hit by Brett Skinner.
5:48 of 1st period - Andreas Nodl is hit by Greg Mauldin and loses puck.
6:07 of 1st period - Off-side.
6:08 of 1st period - Casey Wellman wins face-off versus Ryan White in neutral zone.
6:11 of 1st period - Wrist shot by Casey Wellman.
6:11 of 1st period - Shot Blocked by Ryan Wilson.
6:13 of 1st period - Backhand shot by Casey Wellman.
6:13 of 1st period - Goal by Casey Wellman - Patriotes : 1 - Tamiflu : 1.
6:14 of 1st period - Greg Mauldin wins face-off versus Zenon Konopka in neutral zone.
6:35 of 1st period - Minor Penalty to Tye McGinn for Holding Stick.
6:36 of 1st period - Christian Hanson wins face-off versus Greg Mauldin in Tamiflu zone.
8:35 of 1st period - Penalty to Tye McGinn is over, Tye McGinn is back on ice.
9:41 of 1st period - Riley Sheahan is hit by Mike Duco and loses puck.
10:15 of 1st period - Andreas Nodl is hit by Jonathan Sigalet.
10:36 of 1st period - Minor Penalty to Mike Duco for Tripping.
10:37 of 1st period - Greg Mauldin wins face-off versus Christian Hanson in Tamiflu zone.
11:15 of 1st period - Off-side.
11:16 of 1st period - Zenon Konopka wins face-off versus Greg Mauldin in neutral zone.
11:41 of 1st period - Andreas Nodl is hit by Rich Clune and loses puck.
12:36 of 1st period - Penalty to Mike Duco is over, Mike Duco is back on ice.
12:49 of 1st period - Slapshot by Dwight King.
12:49 of 1st period - Stopped by Mike McKenna without a rebound.
12:50 of 1st period - Casey Wellman wins face-off versus Lauri Tukonen in Tamiflu zone.
12:59 of 1st period - Wrist shot by Mike Duco.
12:59 of 1st period - Shot Misses the Net.
13:05 of 1st period - Wrist shot by Mike Duco.
13:05 of 1st period - Shot Misses the Net.
13:56 of 1st period - Slapshot by Dwight King.
13:56 of 1st period - Stopped by Mike McKenna with a rebound.
13:58 of 1st period - Snap shot by Timothy Kunes.
13:58 of 1st period - Shot Misses the Net.
14:12 of 1st period - Snap shot by Mike Duco.
14:12 of 1st period - Stopped by Jason Missiaen with a rebound.
14:15 of 1st period - Icing by Timothy Kunes.
14:16 of 1st period - Riley Sheahan wins face-off versus Greg Mauldin in Patriotes zone.
14:16 of 1st period - Riley Sheahan is hit by Petr Pohl.
14:27 of 1st period - Minor Penalty to Justin Braun for Roughing.
14:28 of 1st period - Greg Mauldin wins face-off versus Christian Hanson in Tamiflu zone.
14:38 of 1st period - Jerome Gauthier-Leduc is hit by Tomas Kurka and loses puck.
14:43 of 1st period - Snap shot by Andreas Nodl.
14:43 of 1st period - Stopped by Mike McKenna with a rebound.
14:53 of 1st period - Andrew Gordon is hit by Petr Pohl and loses puck.
15:13 of 1st period - Wrist shot by Tomas Kurka.
15:13 of 1st period - Stopped by Mike McKenna without a rebound.
15:14 of 1st period - Rich Clune wins face-off versus Christian Hanson in Tamiflu zone.
16:27 of 1st period - Penalty to Justin Braun is over, Justin Braun is back on ice.
16:27 of 1st period - Greg Mauldin is hit by Joe Charlebois and loses puck.
16:44 of 1st period - Wrist shot by Ben Hanowski.
16:44 of 1st period - Shot Misses the Net.
16:46 of 1st period - Snap shot by Rich Clune.
16:46 of 1st period - Shot Misses the Net.
16:56 of 1st period - Joe Charlebois is hit by Philippe Dupuis and loses puck.
19:18 of 1st period - Snap shot by Jan Mursak.
19:18 of 1st period - Shot Blocked by Ryan White.
19:20 of 1st period - Snap shot by Mike Duco.
19:20 of 1st period - Stopped by Jason Missiaen without a rebound.
19:21 of 1st period - Casey Wellman wins face-off versus Ryan White in Patriotes zone.
19:24 of 1st period - Snap shot by Nathan Oystrick.
19:24 of 1st period - Stopped by Jason Missiaen with a rebound.
19:38 of 1st period - Wrist shot by Mike Duco.
19:38 of 1st period - Stopped by Jason Missiaen with a rebound.
19:40 of 1st period - Slapshot by Jonathan Sigalet.
19:40 of 1st period - Shot Blocked by A.J Thelen.
19:46 of 1st period - Wrist shot by Mike Duco.
19:46 of 1st period - Stopped by Jason Missiaen with a rebound.
19:48 of 1st period - Snap shot by Jan Mursak.
19:48 of 1st period - Shot Misses the Net.
19:50 of 1st period - Snap shot by Jan Mursak.
19:50 of 1st period - Goal by Jan Mursak - Patriotes : 1 - Tamiflu : 2.
19:51 of 1st period - Greg Mauldin wins face-off versus Christian Hanson in neutral zone.
Goals for this period are 1 for Patriotes vs 2 for Tamiflu.
Shots for this period are 10 for Patriotes vs 7 for Tamiflu.
2nd period
0:01 of 2nd period - Christian Hanson wins face-off versus Greg Mauldin in neutral zone.
1:31 of 2nd period - Off-side.
1:32 of 2nd period - Christian Hanson wins face-off versus Greg Mauldin in neutral zone.
1:42 of 2nd period - Snap shot by Greg Mauldin.
1:42 of 2nd period - Stopped by Jason Missiaen without a rebound.
1:43 of 2nd period - Greg Mauldin wins face-off versus Christian Hanson in Patriotes zone.
1:55 of 2nd period - Minor Penalty to Brett Skinner for High sticking.
1:56 of 2nd period - Greg Mauldin wins face-off versus Andreas Nodl in Patriotes zone.
2:02 of 2nd period - Slapshot by Petr Pohl.
2:02 of 2nd period - Stopped by Jason Missiaen with a rebound.
2:28 of 2nd period - Snap shot by Jan Mursak.
2:28 of 2nd period - Stopped by Jason Missiaen with a rebound.
2:30 of 2nd period - Slapshot by Justin Braun.
2:30 of 2nd period - Deflect By Andrew Gordon.
2:30 of 2nd period - Stopped by Jason Missiaen without a rebound.
2:31 of 2nd period - Casey Wellman wins face-off versus Fedor Fedorov in Patriotes zone.
2:32 of 2nd period - Snap shot by Mike Duco.
2:32 of 2nd period - Shot Blocked by Ryan Wilson.
2:34 of 2nd period - Snap shot by Casey Wellman.
2:34 of 2nd period - Shot Misses the Net.
2:36 of 2nd period - Snap shot by Jordan Hendry.
2:36 of 2nd period - Shot Hit the Post.
2:38 of 2nd period - Slapshot by Justin Braun.
2:38 of 2nd period - Stopped by Jason Missiaen with a rebound.
2:40 of 2nd period - Slapshot by Justin Braun.
2:40 of 2nd period - Stopped by Jason Missiaen without a rebound.
2:41 of 2nd period - Greg Mauldin wins face-off versus Andreas Nodl in Patriotes zone.
2:44 of 2nd period - Slapshot by Petr Pohl.
2:44 of 2nd period - Shot Misses the Net.
2:46 of 2nd period - Slapshot by Tye McGinn.
2:46 of 2nd period - Shot Blocked by Joe Charlebois.
2:48 of 2nd period - Slapshot by Jonathan Sigalet.
2:48 of 2nd period - Shot Hit the Post.
2:52 of 2nd period - Backhand shot by Greg Mauldin.
2:52 of 2nd period - Deflect By Petr Pohl.
2:52 of 2nd period - Shot Misses the Net.
2:52 of 2nd period - Puck is out of play.
2:53 of 2nd period - Andreas Nodl wins face-off versus Greg Mauldin in Patriotes zone.
3:07 of 2nd period - Wrist shot by Greg Mauldin.
3:07 of 2nd period - Goal by Greg Mauldin - Patriotes : 1 - Tamiflu : 3.
3:08 of 2nd period - Christian Hanson wins face-off versus Greg Mauldin in neutral zone.
3:15 of 2nd period - Slapshot by Petr Pohl.
3:15 of 2nd period - Stopped by Jason Missiaen without a rebound.
3:16 of 2nd period - Tye McGinn wins face-off versus Christian Hanson in Patriotes zone.
3:17 of 2nd period - Wrist shot by Greg Mauldin.
3:17 of 2nd period - Shot Misses the Net.
3:19 of 2nd period - Slapshot by Jonathan Sigalet.
3:19 of 2nd period - Deflect By Greg Mauldin.
3:19 of 2nd period - Shot Misses the Net.
3:19 of 2nd period - Puck is out of play.
3:20 of 2nd period - Christian Hanson wins face-off versus Greg Mauldin in Patriotes zone.
3:27 of 2nd period - Petr Pohl is hit by Tomas Kurka and loses puck.
3:46 of 2nd period - Nathan Oystrick is hit by Andrew Gordon and loses puck.
3:51 of 2nd period - Snap shot by Zenon Konopka.
3:51 of 2nd period - Shot Blocked by Nathan Oystrick.
3:53 of 2nd period - Snap shot by Fedor Fedorov.
3:53 of 2nd period - Stopped by Mike McKenna without a rebound.
3:54 of 2nd period - Greg Mauldin wins face-off versus Zenon Konopka in Tamiflu zone.
4:01 of 2nd period - Petr Pohl is hit by Fedor Fedorov and loses puck.
4:25 of 2nd period - Wrist shot by Tomas Kurka.
4:25 of 2nd period - Stopped by Mike McKenna with a rebound.
4:29 of 2nd period - Slapshot by Tomas Kurka.
4:29 of 2nd period - Shot Blocked by Casey Wellman.
4:31 of 2nd period - Slapshot by Ryan Wilson.
4:31 of 2nd period - Stopped by Mike McKenna without a rebound.
4:32 of 2nd period - Christian Hanson wins face-off versus Greg Mauldin in Tamiflu zone.
4:33 of 2nd period - Snap shot by Andreas Nodl.
4:33 of 2nd period - Deflect By Christian Hanson.
4:33 of 2nd period - Shot Misses the Net.
4:33 of 2nd period - Puck is out of play.
4:34 of 2nd period - Christian Hanson wins face-off versus Greg Mauldin in Tamiflu zone.
4:47 of 2nd period - Tye McGinn is hit by Tomas Kurka and loses puck.
5:24 of 2nd period - Slapshot by Ryan Wilson.
5:24 of 2nd period - Stopped by Mike McKenna without a rebound.
5:25 of 2nd period - Ryan White wins face-off versus Greg Mauldin in Tamiflu zone.
5:33 of 2nd period - Off-side.
5:34 of 2nd period - Christian Hanson wins face-off versus Greg Mauldin in neutral zone.
5:48 of 2nd period - Minor Penalty to A.J Thelen for Holding.
5:49 of 2nd period - Greg Mauldin wins face-off versus Andreas Nodl in Patriotes zone.
6:21 of 2nd period - Snap shot by Jan Mursak.
6:21 of 2nd period - Stopped by Jason Missiaen with a rebound.
6:23 of 2nd period - Slapshot by Jan Mursak.
6:23 of 2nd period - Stopped by Jason Missiaen without a rebound.
6:24 of 2nd period - Andreas Nodl wins face-off versus Greg Mauldin in Patriotes zone.
7:01 of 2nd period - Justin Braun is hit by Ryan Wilson and loses puck.
7:48 of 2nd period - Penalty to A.J Thelen is over, A.J Thelen is back on ice.
7:58 of 2nd period - Dwight King is hit by Colin Greening and loses puck.
8:27 of 2nd period - Wrist shot by Mattias Tedenby.
8:27 of 2nd period - Stopped by Jason Missiaen without a rebound.
8:28 of 2nd period - Greg Mauldin wins face-off versus Christian Hanson in Patriotes zone.
8:29 of 2nd period - Wrist shot by Petr Pohl.
8:29 of 2nd period - Stopped by Jason Missiaen with a rebound.
8:35 of 2nd period - Snap shot by Andreas Nodl.
8:35 of 2nd period - Stopped by Mike McKenna without a rebound.
8:36 of 2nd period - Christian Hanson wins face-off versus Greg Mauldin in Tamiflu zone.
8:51 of 2nd period - Slapshot by Petr Pohl.
8:51 of 2nd period - Stopped by Jason Missiaen with a rebound.
9:01 of 2nd period - Wrist shot by Mike Duco.
9:01 of 2nd period - Deflect By Casey Wellman.
9:01 of 2nd period - Stopped by Jason Missiaen without a rebound.
9:02 of 2nd period - Casey Wellman wins face-off versus Zenon Konopka in Patriotes zone.
9:03 of 2nd period - Snap shot by Mike Duco.
9:03 of 2nd period - Shot Misses the Net.
9:29 of 2nd period - Jordan Hendry is hit by Tomas Kurka and loses puck.
10:08 of 2nd period - Slapshot by Brett Skinner.
10:08 of 2nd period - Deflect By Colin Greening.
10:08 of 2nd period - Stopped by Mike McKenna without a rebound.
10:09 of 2nd period - Colin Greening wins face-off versus Christian Hanson in Tamiflu zone.
10:11 of 2nd period - Icing by Jordan Hendry.
10:12 of 2nd period - Colin Greening wins face-off versus Christian Hanson in Tamiflu zone.
10:26 of 2nd period - Justin Braun is hit by Christian Hanson and loses puck.
10:59 of 2nd period - Wrist shot by Riley Sheahan.
10:59 of 2nd period - Shot Blocked by Jonathan Sigalet.
11:01 of 2nd period - Snap shot by Timothy Kunes.
11:01 of 2nd period - Shot Blocked by Jan Mursak.
11:03 of 2nd period - Wrist shot by Lauri Tukonen.
11:03 of 2nd period - Shot Blocked by Jan Mursak.
11:05 of 2nd period - Snap shot by Dwight King.
11:05 of 2nd period - Stopped by Mike McKenna with a rebound.
11:07 of 2nd period - Slapshot by Timothy Kunes.
11:07 of 2nd period - Shot Blocked by Jonathan Sigalet.
11:09 of 2nd period - Backhand shot by Timothy Kunes.
11:09 of 2nd period - Deflect By Jan Mursak.
11:09 of 2nd period - Stopped by Mike McKenna without a rebound.
11:10 of 2nd period - Christian Hanson wins face-off versus Greg Mauldin in Tamiflu zone.
12:06 of 2nd period - Slapshot by Nathan Oystrick.
12:06 of 2nd period - Stopped by Jason Missiaen without a rebound.
12:07 of 2nd period - Christian Hanson wins face-off versus Greg Mauldin in Patriotes zone.
12:16 of 2nd period - Wrist shot by Andreas Nodl.
12:16 of 2nd period - Stopped by Mike McKenna without a rebound.
12:17 of 2nd period - Greg Mauldin wins face-off versus Christian Hanson in Tamiflu zone.
12:22 of 2nd period - Wrist shot by Tomas Kurka.
12:22 of 2nd period - Shot Misses the Net.
12:24 of 2nd period - Wrist shot by Andreas Nodl.
12:24 of 2nd period - Stopped by Mike McKenna with a rebound.
12:26 of 2nd period - Backhand shot by Andreas Nodl.
12:26 of 2nd period - Shot Blocked by Jordan Hendry.
12:28 of 2nd period - Wrist shot by Andreas Nodl.
12:28 of 2nd period - Shot Misses the Net.
12:30 of 2nd period - Snap shot by Christian Hanson.
12:30 of 2nd period - Stopped by Mike McKenna without a rebound.
12:31 of 2nd period - Zenon Konopka wins face-off versus Greg Mauldin in Tamiflu zone.
13:21 of 2nd period - Snap shot by Dwight King.
13:21 of 2nd period - Shot Blocked by Rich Clune.
13:29 of 2nd period - Brett Skinner is hit by Rich Clune and loses puck.
14:06 of 2nd period - Wrist shot by Ryan White.
14:06 of 2nd period - Stopped by Mike McKenna with a rebound.
14:08 of 2nd period - Wrist shot by Zack Stortini.
14:08 of 2nd period - Deflect By Matt Calvert.
14:08 of 2nd period - Shot Hit the Post.
14:08 of 2nd period - Puck is out of play.
14:09 of 2nd period - Christian Hanson wins face-off versus Casey Wellman in Tamiflu zone.
14:18 of 2nd period - Slapshot by Jonathan Sigalet.
14:18 of 2nd period - Shot Misses the Net.
14:20 of 2nd period - Snap shot by Casey Wellman.
14:20 of 2nd period - Stopped by Jason Missiaen with a rebound.
14:34 of 2nd period - Greg Mauldin is hit by Ryan Wilson and loses puck.
14:40 of 2nd period - Icing by Jordan Hendry.
14:41 of 2nd period - Greg Mauldin wins face-off versus Zenon Konopka in Tamiflu zone.
14:50 of 2nd period - Wrist shot by Zenon Konopka.
14:50 of 2nd period - Stopped by Mike McKenna with a rebound.
14:52 of 2nd period - Slapshot by Nigel Williams.
14:52 of 2nd period - Stopped by Mike McKenna with a rebound.
15:02 of 2nd period - Wrist shot by Fedor Fedorov.
15:02 of 2nd period - Shot Misses the Net.
15:32 of 2nd period - Wrist shot by Zenon Konopka.
15:32 of 2nd period - Stopped by Mike McKenna with a rebound.
15:46 of 2nd period - Wrist shot by Zenon Konopka.
15:46 of 2nd period - Stopped by Mike McKenna with a rebound.
15:48 of 2nd period - Snap shot by Fedor Fedorov.
15:48 of 2nd period - Shot Misses the Net.
15:50 of 2nd period - Slapshot by Zenon Konopka.
15:50 of 2nd period - Shot Misses the Net.
15:54 of 2nd period - Slapshot by Andrew Gordon.
15:54 of 2nd period - Deflect By Greg Mauldin.
15:54 of 2nd period - Stopped by Mike McKenna with a rebound.
15:56 of 2nd period - Wrist shot by Fedor Fedorov.
15:56 of 2nd period - Shot Misses the Net.
15:58 of 2nd period - Snap shot by Andrew Gordon.
15:58 of 2nd period - Goal by Andrew Gordon - Patriotes : 2 - Tamiflu : 3.
15:59 of 2nd period - Jan Mursak wins face-off versus Christian Hanson in neutral zone.
16:50 of 2nd period - Jonathan Sigalet is hit by Ryan Wilson and loses puck.
16:57 of 2nd period - Wrist shot by Mattias Tedenby.
16:57 of 2nd period - Deflect By Garrett Wilson.
16:57 of 2nd period - Shot Misses the Net.
16:57 of 2nd period - Puck is out of play.
16:58 of 2nd period - Christian Hanson wins face-off versus Casey Wellman in Patriotes zone.
17:23 of 2nd period - Stefan Elliott is hit by Ryan Wilson.
17:27 of 2nd period - Wrist shot by Colin Greening.
17:27 of 2nd period - Stopped by Jason Missiaen with a rebound.
17:29 of 2nd period - Wrist shot by Rich Clune.
17:29 of 2nd period - Deflect By Ben Hanowski.
17:29 of 2nd period - Stopped by Jason Missiaen with a rebound.
17:31 of 2nd period - Slapshot by Ben Hanowski.
17:31 of 2nd period - Stopped by Jason Missiaen without a rebound.
17:32 of 2nd period - Greg Mauldin wins face-off versus Zenon Konopka in Patriotes zone.
17:35 of 2nd period - Slapshot by Greg Mauldin.
17:35 of 2nd period - Shot Blocked by Brett Skinner.
17:43 of 2nd period - Slapshot by Brett Skinner.
17:43 of 2nd period - Stopped by Mike McKenna without a rebound.
17:44 of 2nd period - Christian Hanson wins face-off versus Greg Mauldin in Tamiflu zone.
18:07 of 2nd period - Icing by Tomas Kurka.
18:08 of 2nd period - Christian Hanson wins face-off versus Mike Duco in Patriotes zone.
18:08 of 2nd period - Christian Hanson is hit by Jan Mursak.
18:14 of 2nd period - Casey Wellman is hit by Fedor Fedorov and loses puck.
18:25 of 2nd period - Snap shot by Andrew Gordon.
18:25 of 2nd period - Stopped by Mike McKenna without a rebound.
18:26 of 2nd period - Greg Mauldin wins face-off versus Christian Hanson in Tamiflu zone.
19:22 of 2nd period - Slapshot by Ryan Wilson.
19:22 of 2nd period - Stopped by Mike McKenna without a rebound.
19:23 of 2nd period - Zenon Konopka wins face-off versus Casey Wellman in Tamiflu zone.
19:24 of 2nd period - Wrist shot by Andrew Gordon.
19:24 of 2nd period - Stopped by Mike McKenna with a rebound.
19:38 of 2nd period - Slapshot by Brett Skinner.
19:38 of 2nd period - Shot Blocked by Nathan Oystrick.
19:56 of 2nd period - Snap shot by Mike Duco.
19:56 of 2nd period - Shot Blocked by A.J Thelen.
Goals for this period are 1 for Patriotes vs 1 for Tamiflu.
Shots for this period are 22 for Patriotes vs 19 for Tamiflu.
3rd period
0:01 of 3rd period - Christian Hanson wins face-off versus Petr Pohl in neutral zone.
0:10 of 3rd period - Minor Penalty to Tomas Kurka for Holding.
0:11 of 3rd period - Andreas Nodl wins face-off versus Greg Mauldin in Patriotes zone.
0:21 of 3rd period - Slapshot by Jonathan Sigalet.
0:21 of 3rd period - Shot Misses the Net.
0:27 of 3rd period - Wrist shot by Greg Mauldin.
0:27 of 3rd period - Shot Misses the Net.
0:51 of 3rd period - Joe Charlebois is hit by Mike Duco and loses puck.
2:10 of 3rd period - Penalty to Tomas Kurka is over, Tomas Kurka is back on ice.
2:15 of 3rd period - Off-side.
2:16 of 3rd period - Zenon Konopka wins face-off versus Ben Hanowski in neutral zone.
2:19 of 3rd period - Stefan Elliott is hit by Nigel Williams and loses puck.
2:24 of 3rd period - Wrist shot by Zenon Konopka.
2:24 of 3rd period - Shot Misses the Net.
2:40 of 3rd period - Lauri Tukonen is hit by Jerome Gauthier-Leduc and loses puck.
3:14 of 3rd period - Ryan Wilson is hit by Justin Braun and loses puck.
3:31 of 3rd period - Minor Penalty to Tye McGinn for Holding.
3:32 of 3rd period - Christian Hanson wins face-off versus Greg Mauldin in Tamiflu zone.
3:43 of 3rd period - Wrist shot by Andreas Nodl.
3:43 of 3rd period - Shot Hit the Post.
3:47 of 3rd period - Snap shot by Andreas Nodl.
3:47 of 3rd period - Shot Misses the Net.
4:25 of 3rd period - Minor Penalty to Ryan Wilson for Holding.
4:26 of 3rd period - Andreas Nodl wins face-off versus Greg Mauldin in Patriotes zone.
4:26 of 3rd period - Andreas Nodl is hit by Greg Mauldin.
5:12 of 3rd period - Mike Duco is hit by Timothy Kunes and loses puck.
5:31 of 3rd period - Penalty to Tye McGinn is over, Tye McGinn is back on ice.
5:37 of 3rd period - Slapshot by Justin Braun.
5:37 of 3rd period - Stopped by Jason Missiaen with a rebound.
6:25 of 3rd period - Penalty to Ryan Wilson is over, Ryan Wilson is back on ice.
6:26 of 3rd period - Tomas Kurka is hit by Tye McGinn and loses puck.
6:36 of 3rd period - Off-side.
6:37 of 3rd period - Riley Sheahan wins face-off versus Philippe Dupuis in neutral zone.
7:01 of 3rd period - Stefan Elliott is hit by Nigel Williams and loses puck.
7:07 of 3rd period - Icing by Ben Hanowski.
7:08 of 3rd period - Colin Greening wins face-off versus Christian Hanson in Tamiflu zone.
7:22 of 3rd period - Minor Penalty to Ryan Wilson for Hooking.
7:23 of 3rd period - Greg Mauldin wins face-off versus Andreas Nodl in Patriotes zone.
7:27 of 3rd period - Wrist shot by Petr Pohl.
7:27 of 3rd period - Stopped by Jason Missiaen with a rebound.
7:39 of 3rd period - Slapshot by Nathan Oystrick.
7:39 of 3rd period - Shot Misses the Net.
8:53 of 3rd period - Brett Skinner is hit by Nathan Oystrick.
8:54 of 3rd period - Brett Skinner from Patriotes is injured at 8:54 of 3rd period (Sprained Right Finger).
8:55 of 3rd period - Greg Mauldin wins face-off versus Andreas Nodl in Patriotes zone.
9:10 of 3rd period - Wrist shot by Petr Pohl.
9:10 of 3rd period - Goal by Petr Pohl - Patriotes : 2 - Tamiflu : 4.
9:11 of 3rd period - Greg Mauldin wins face-off versus Christian Hanson in neutral zone.
9:22 of 3rd period - A.J Thelen is hit by Jonathan Sigalet and loses puck.
9:27 of 3rd period - Snap shot by Petr Pohl.
9:27 of 3rd period - Stopped by Jason Missiaen without a rebound.
9:28 of 3rd period - Jan Mursak wins face-off versus Zenon Konopka in Patriotes zone.
10:03 of 3rd period - Minor Penalty to A.J Thelen for Holding.
10:04 of 3rd period - Andreas Nodl wins face-off versus Greg Mauldin in Patriotes zone.
10:42 of 3rd period - Wrist shot by Jan Mursak.
10:42 of 3rd period - Stopped by Jason Missiaen without a rebound.
10:43 of 3rd period - Casey Wellman wins face-off versus Fedor Fedorov in Patriotes zone.
10:52 of 3rd period - Snap shot by Jan Mursak.
10:52 of 3rd period - Stopped by Jason Missiaen with a rebound.
10:54 of 3rd period - Snap shot by Jan Mursak.
10:54 of 3rd period - Shot Misses the Net.
10:56 of 3rd period - Slapshot by Justin Braun.
10:56 of 3rd period - Stopped by Jason Missiaen without a rebound.
10:57 of 3rd period - Greg Mauldin wins face-off versus Andreas Nodl in Patriotes zone.
11:04 of 3rd period - Snap shot by Greg Mauldin.
11:04 of 3rd period - Shot Blocked by Tomas Kurka.
11:06 of 3rd period - Slapshot by Nathan Oystrick.
11:06 of 3rd period - Stopped by Jason Missiaen without a rebound.
11:07 of 3rd period - Andreas Nodl wins face-off versus Greg Mauldin in Patriotes zone.
11:22 of 3rd period - Snap shot by Tomas Kurka.
11:22 of 3rd period - Stopped by Mike McKenna with a rebound.
11:32 of 3rd period - Wrist shot by Greg Mauldin.
11:32 of 3rd period - Shot Misses the Net.
11:34 of 3rd period - Slapshot by Jonathan Sigalet.
11:34 of 3rd period - Stopped by Jason Missiaen with a rebound.
11:36 of 3rd period - Slapshot by Nathan Oystrick.
11:36 of 3rd period - Deflect By Andreas Nodl.
11:36 of 3rd period - Stopped by Jason Missiaen without a rebound.
11:37 of 3rd period - Andreas Nodl wins face-off versus Casey Wellman in Patriotes zone.
12:03 of 3rd period - Penalty to A.J Thelen is over, A.J Thelen is back on ice.
12:35 of 3rd period - Wrist shot by Matt Calvert.
12:35 of 3rd period - Goal by Matt Calvert - Patriotes : 3 - Tamiflu : 4.
12:36 of 3rd period - Greg Mauldin wins face-off versus Christian Hanson in neutral zone.
12:41 of 3rd period - Wrist shot by Petr Pohl.
12:41 of 3rd period - Stopped by Jason Missiaen with a rebound.
12:43 of 3rd period - Slapshot by Jonathan Sigalet.
12:43 of 3rd period - Stopped by Jason Missiaen with a rebound.
12:45 of 3rd period - Wrist shot by Petr Pohl.
12:45 of 3rd period - Goal by Petr Pohl - Patriotes : 3 - Tamiflu : 5.
12:46 of 3rd period - Greg Mauldin wins face-off versus Christian Hanson in neutral zone.
13:17 of 3rd period - Slapshot by Lauri Tukonen.
13:17 of 3rd period - Stopped by Mike McKenna without a rebound.
13:18 of 3rd period - Casey Wellman wins face-off versus Riley Sheahan in Tamiflu zone.
14:13 of 3rd period - Snap shot by Mattias Tedenby.
14:13 of 3rd period - Stopped by Jason Missiaen without a rebound.
14:14 of 3rd period - Zenon Konopka wins face-off versus Greg Mauldin in Patriotes zone.
14:25 of 3rd period - Wrist shot by Zenon Konopka.
14:25 of 3rd period - Shot Blocked by Tye McGinn.
14:27 of 3rd period - Slapshot by Fedor Fedorov.
14:27 of 3rd period - Stopped by Mike McKenna with a rebound.
14:29 of 3rd period - Wrist shot by Andrew Gordon.
14:29 of 3rd period - Shot Misses the Net.
15:00 of 3rd period - Wrist shot by Colin Greening.
15:00 of 3rd period - Stopped by Jason Missiaen without a rebound.
15:01 of 3rd period - Riley Sheahan wins face-off versus Colin Greening in Patriotes zone.
15:10 of 3rd period - Snap shot by Colin Greening.
15:10 of 3rd period - Stopped by Jason Missiaen with a rebound.
15:12 of 3rd period - Slapshot by Rich Clune.
15:12 of 3rd period - Stopped by Jason Missiaen without a rebound.
15:13 of 3rd period - Colin Greening wins face-off versus Riley Sheahan in Patriotes zone.
15:24 of 3rd period - Snap shot by Rich Clune.
15:24 of 3rd period - Shot Blocked by A.J Thelen.
15:26 of 3rd period - Wrist shot by Ben Hanowski.
15:26 of 3rd period - Deflect By Colin Greening.
15:26 of 3rd period - Stopped by Jason Missiaen with a rebound.
15:28 of 3rd period - Snap shot by Ben Hanowski.
15:28 of 3rd period - Stopped by Jason Missiaen with a rebound.
15:38 of 3rd period - Dwight King is hit by Petr Pohl and loses puck.
15:43 of 3rd period - Snap shot by Greg Mauldin.
15:43 of 3rd period - Stopped by Jason Missiaen with a rebound.
15:45 of 3rd period - Snap shot by Tye McGinn.
15:45 of 3rd period - Shot Misses the Net.
16:31 of 3rd period - Wrist shot by Fedor Fedorov.
16:31 of 3rd period - Goal by Fedor Fedorov - Patriotes : 4 - Tamiflu : 5.
16:32 of 3rd period - Colin Greening wins face-off versus Riley Sheahan in neutral zone.
16:47 of 3rd period - Snap shot by Ryan Wilson.
16:47 of 3rd period - Stopped by Mike McKenna without a rebound.
16:48 of 3rd period - Ryan White wins face-off versus Philippe Dupuis in Tamiflu zone.
16:56 of 3rd period - Icing by Nathan Oystrick.
16:57 of 3rd period - Philippe Dupuis wins face-off versus Ryan White in Tamiflu zone.
16:57 of 3rd period - Philippe Dupuis is hit by Timothy Kunes.
17:02 of 3rd period - Minor Penalty to Zack Stortini for Roughing.
17:03 of 3rd period - Greg Mauldin wins face-off versus Andreas Nodl in Patriotes zone.
17:17 of 3rd period - Wrist shot by Petr Pohl.
17:17 of 3rd period - Stopped by Jason Missiaen with a rebound.
17:19 of 3rd period - Backhand shot by Tye McGinn.
17:19 of 3rd period - Shot Misses the Net.
19:02 of 3rd period - Penalty to Zack Stortini is over, Zack Stortini is back on ice.
19:11 of 3rd period - Patriotes, Jason Missiaen is pulled from the net.
19:25 of 3rd period - Wrist shot by Tomas Kurka.
19:25 of 3rd period - Shot Misses the Net.
19:27 of 3rd period - Snap shot by Joe Charlebois.
19:27 of 3rd period - Shot Blocked by Jonathan Sigalet.
19:29 of 3rd period - Wrist shot by Matt Calvert.
19:29 of 3rd period - Stopped by Mike McKenna with a rebound.
19:37 of 3rd period - Snap shot by Tomas Kurka.
19:37 of 3rd period - Stopped by Mike McKenna without a rebound.
19:38 of 3rd period - Dale Hunter call a timeout for Patriotes.
19:38 of 3rd period - Christian Hanson wins face-off versus Ben Hanowski in Tamiflu zone.
19:41 of 3rd period - Snap shot by Andreas Nodl.
19:41 of 3rd period - Stopped by Mike McKenna without a rebound.
19:42 of 3rd period - Christian Hanson wins face-off versus Ben Hanowski in Tamiflu zone.
Goals for this period are 2 for Patriotes vs 2 for Tamiflu.
Shots for this period are 9 for Patriotes vs 21 for Tamiflu.
Output by the SimonT Hockey Simulator (STHS) for François Prévost -- Original Page W3C XHTML 1.0 Valid